 Dungeon Crawl Stone Soup version 0.26-a0-1191-ge2a0e31ab3 (webtiles) character file.

Game seed: 11040507643023742978

68 Azzok the Shield-Bearer (level 4, 28/35 HPs)
             Began as a Demonspawn Fighter on Dec 28, 2020.
             Quit the game on level 2 of the Dungeon.
             The game lasted 00:01:24 (1173 turns).

Azzok the Shield-Bearer (Demonspawn Fighter)        Turns: 1173, Time: 00:01:25

Health: 28/35      AC:  4    Str: 17    XL:     4   Next: 1%
Magic:  1/4        EV: 10    Int: 10    God:
Gold:   166        SH:  0    Dex: 12    Spells: 3/3 levels left

rFire    . . .     SeeInvis .   a - +0 war axe
rCold    . . .     Faith    .   (no shield)
rNeg     . . .     Spirit   +   b - +0 scale mail
rPois    .         Reflect  .   (no helmet)
rElec    .         Harm     .   g - +0 cloak
rCorr    +         Rampage  .   l - +0 pair of gloves
Will     .....                  (no boots)
Stlth    ..........             j - amulet of guardian spirit
HPRegen  0.11/turn              h - ring of resist corrosion
MPRegen  0.09/turn              m - -4 ring of protection (curse)

@: no status effects
A: miasma immunity, sturdy frame 1
a: no special abilities


You were on level 2 of the Dungeon.
You visited 1 branch of the dungeon, and saw 2 of its levels.

You collected 166 gold pieces.

Inventory:

Hand Weapons
 a - a +0 war axe (weapon)
Armour
 b - a +0 scale mail (worn)
 c - a +0 kite shield
 g - a +0 cloak (worn)
 l - a +0 pair of gloves (worn)
Jewellery
 h - a ring of resist corrosion (left hand)
 j - an amulet of guardian spirit (around neck)
 m - a cursed -4 ring of protection (right hand)
Scrolls
 e - a scroll of teleportation
 n - a scroll of amnesia {unknown}
 p - a scroll of identify {unknown}
Potions
 d - a potion of might
 f - a potion of lignification {unknown}
 i - a potion of haste {unknown}
 k - a potion of magic {unknown}
 o - a potion of attraction {unknown}
 q - a potion of heal wounds {unknown}
 r - a potion of cancellation {unknown}


   Skills:
 - Level 3.0 Fighting
 + Level 3.0 Axes
 - Level 2.6 Armour
 + Level 3.6 Shields


You had 3 spell levels left.
You didn't know any spells.
Your spell library contained the following spells:

 Spells                   Type           Power        Failure   Level
 Animate Skeleton         Necr           0%           63%         1
 Apportation              Tloc           0%           63%         1
 Corona                   Hex            0%           63%         1
 Summon Small Mammal      Summ           0%           63%         1


Dungeon Overview and Level Annotations

Branches:
Dungeon (2/15)

Altars:


Innate Abilities, Weirdness & Mutations

You are immune to miasma.
Your movements are slightly less encumbered by armour. (ER -2)


Message History

A hobgoblin comes into view.
The hobgoblin shouts!
A hobgoblin is nearby!
A rat comes into view.
The hobgoblin hits you.
You barely miss the hobgoblin. The hobgoblin hits you.
You completely miss the hobgoblin. You hit the rat.
You kill the rat!
The hobgoblin hits you but does no damage.
You completely miss the hobgoblin. The hobgoblin closely misses you.
You completely miss the hobgoblin. The hobgoblin closely misses you. x2
You hit the hobgoblin.
The hobgoblin is moderately wounded.
The hobgoblin hits you.
You hit the hobgoblin.
You kill the hobgoblin!
You have reached level 4!
You feel clever.
Your demonic ancestry asserts itself...
You feel immune to miasma.
Are you sure you want to abandon this character and quit the game? (Confirm with "yes".)

▒· ▒·▒ ▒·▒ ▒·▒ ▒
▒·▒ ▒·▒·▒
··▒▒▒·▒·▒▒▒▒▒▒▒▒▒▒
······†·····)····▒
▒▒▒▒·▒@▒▒▒▒▒▒▒·▒▒
▒·▒ ▒·▒ ▒·▒ ▒·▒
▒·▒ ▒·▒ ▒·▒ ▒·▒
▒·▒ ▒·▒ ▒·▒ ▒·▒
▒·▒ ▒·▒ ▒·▒


There were no monsters in sight!

Vanquished Creatures
  Jessica (D:2)
  An adder (D:2)
  An ooze (D:1)
  A leopard gecko (D:1)
  3 bats
  2 giant cockroaches
  5 goblins
  5 hobgoblins
  A quokka (D:2)
  2 frilled lizards (D:1)
  A kobold (D:2)
  2 rats
25 creatures vanquished.

Notes
Turn   | Place    | Note
-------+----------+-------------------------------------------
     0 | D:1      | Azzok the Demonspawn Fighter began the quest for the Orb.
     0 | D:1      | Reached XP level 1. HP: 18/18 MP: 1/1
   291 | D:1      | Gained mutation: Your movements are slightly less
                  | encumbered by armour. (ER -2) [demonic ancestry]
   291 | D:1      | Reached XP level 2. HP: 24/24 MP: 2/2
  1023 | D:2      | Reached XP level 3. HP: 29/29 MP: 3/3
  1157 | D:2      | Noticed Jessica
  1160 | D:2      | Killed Jessica
  1173 | D:2      | Gained mutation: You are immune to miasma. [demonic
                  | ancestry]
  1173 | D:2      | Reached XP level 4. HP: 28/35 MP: 1/4
  1173 | D:2      | Quit the game

Illustrated notes

Levels and vault maps discovered:
D:1:      elethiomel_arrival_fortress_basement, layout_basic
D:2:      layout_basic, minmay_small_reverse_x, uniq_jessica

Skill      XL: |  1  2  3 |
---------------+----------+-----
Axes           | 2 3 |  3.0
Shields        | 3 |  3.6
Fighting       | |  3.0
Armour         | |  2.6

Action                   |  1- 3 |  4- 6 || total
-------------------------+-------+-------++-------
Melee: War axe           |    72 |       ||    72
  Use: Scroll            |     1 |       ||     1
Armor: Scale mail        |    35 |       ||    35
Dodge: Dodged            |    56 |       ||    56

Table legend: (Time is in decaauts)
 A = Elapsed time spent in this place.
 B = Non-inter-level travel time spent in this place.
 C = Inter-level travel time spent in this place.
 D = Time resting spent in this place.
 E = Time spent auto-exploring this place.
 F = Levels seen in this place.
 G = Mean time per level.
                   A        B        C        D        E       F      G
               +--------+--------+--------+--------+--------+-----+--------+
         Total |   1199 |   1162 |     37 |      0 |    925 |   2 |  599.5 |
       Dungeon |   1199 |   1162 |     37 |      0 |    925 |   2 |  599.5 |
               +--------+--------+--------+--------+--------+-----+--------+

Top non-repeatable levels by time:
     D:1: 628 daAuts
     D:2: 570 daAuts
